 Dungeon Crawl Stone Soup version 0.21-a0-286-g6fcecc0 (webtiles) character file.

765 qqqbard the Slinger (level 8, -4/78 HPs)
             Began as a Halfling Hunter on Sept 26, 2017.
             Slain by MemeProof's ghost (6 damage)
             ... on level 5 of the Dungeon.
             The game lasted 00:07:17 (4207 turns).

qqqbard the Slinger (Halfling Hunter)               Turns: 4207, Time: 00:07:18

Health: -4/78      AC:  4    Str: 20    XL:     8   Next: 8%
Magic:  8/8        EV: 16    Int:  9    God:
Gold:   240        SH:  0    Dex: 15    Spells: 7/7 levels left

rFire    . . .     SeeInvis .   b - +0 rapier
rCold    . . .     Gourm    .   (shield restricted)
rNeg     . . .     Faith    .   c - +0 leather armour
rPois    .         Spirit   .   (no helmet)
rElec    .         Reflect  .   (no cloak)
rCorr    .         Harm     .   i - +0 pair of gloves
MR       +....                  (no boots)
Stlth    ..........             (no amulet)
HPRegen  0.23/turn              e - ring of loudness (curse)
MPRegen  0.11/turn              k - ring of protection from magic

@: berserking (expiring), very quick
A: mutation resistance 1
a: no special abilities


You were on level 5 of the Dungeon.
You were hungry.

You visited 2 branches of the dungeon, and saw 6 of its levels.

You collected 240 gold pieces.

Inventory:

Hand Weapons
 a - a +1 hunting sling
 b - a +0 rapier (weapon)
Missiles
 d - 42 sling bullets
 l - 108 stones (quivered)
Armour
 c - a +0 leather armour (worn)
 i - a +0 pair of gloves (worn)
 v - a +0 scale mail
Jewellery
 e - a cursed ring of loudness (left hand)
 k - a ring of protection from magic (right hand)
 r - an uncursed ring of protection from fire
Scrolls
 h - 5 scrolls of teleportation
 j - 2 scrolls of remove curse {unknown}
 m - a scroll of amnesia
 o - a scroll of recharging {unknown}
 s - a scroll of fog
 t - a scroll of fear {unknown}
 y - a scroll of enchant armour {unknown}
 A - a scroll of identify
Potions
 g - a potion of cancellation {unknown}
 u - a potion of magic {unknown}
 x - a potion of curing {unknown}
 z - a potion of resistance {unknown}
 B - a potion of berserk rage
Comestibles
 f - 5 bread rations
 n - 5 fruits
 p - 5 meat rations
 q - a royal jelly


   Skills:
 + Level 3.2 Fighting
 + Level 4.0 Short Blades
 * Level 8.8 Slings
 + Level 3.1 Armour
 + Level 3.6 Dodging
 + Level 3.6 Stealth


You had 7 spell levels left.
You didn't know any spells.

Dungeon Overview and Level Annotations

Branches:
Dungeon (5/15)             Temple (1/1) D:5

Altars:
Ashenzari
Dithmenos
Fedhas
Gozag
Hepliaklqana
Okawaru
Qazlal
Ru
Sif Muna
Trog
Uskayaw
Wu Jian
Xom
Yredelemnul
Zin

Annotations:
D:5 MemeProof's ghost, novice MiFi


Innate Abilities, Weirdness & Mutations

You are small and have problems with some larger weapons.
You are somewhat resistant to further mutation.


Message History

The ball python bites you but does no damage.
The ball python constricts you.
MemeProof's ghost hits you but does no damage.
You closely miss the ball python. The ball python closely misses you.
The ball python constricts you. MemeProof's ghost hits you!
* * * LOW HITPOINT WARNING * * *
You closely miss the ball python.
The ball python bites you but does no damage.
The ball python constricts you.
You closely miss the ball python. MemeProof's ghost hits you.
* * * LOW HITPOINT WARNING * * *
You puncture the ball python!
You kill the ball python!
MemeProof's ghost misses you.
You puncture MemeProof's ghost!
MemeProof's ghost is severely damaged.
You hit MemeProof's ghost.
MemeProof's ghost is severely damaged.
MemeProof's ghost hits you.
You die...

###.#####...
##+#####.## #....
.....)....# #...P
#.######..# #.P>. . #.#
#..# #...P ... #.# #..#
#P.P. ....### #.# #..#
####.
.......#####†######..##
#.
....((....W@..........#
#.
.......#.###.######...#
#. #(..####.# #.#
##....# #. .... ..#.#
#.####.....## #. #
.##.#.# #...........#
## ...#.# ######.....##
#..#.# ##....######
#..#.# ##......... ###
#.##....# #...######


You could see MemeProof's ghost.

Vanquished Creatures
  Sigmund (D:4)
  The ghost of Grorgnorb the Sneak, an amateur VSEn (D:3)
  Blork the orc (D:4)
  2 jellies (D:5)
  2 orc wizards (D:5)
  A bullfrog skeleton (D:2)
  An orc priest (D:5)
  A centaur skeleton (D:4)
  2 worker ants (D:4)
  2 adders
  A shadow imp (D:5)
  2 worms (D:2)
  3 dart slugs
  2 leopard geckos
  9 orcs
  5 giant cockroaches
  5 goblins
  8 hobgoblins
  11 jackals
  5 quokkas
  4 ball pythons
  6 bats
  6 frilled lizards
  8 kobolds
  7 rats
96 creatures vanquished.

Notes
Turn   | Place    | Note
-------+----------+-------------------------------------------
     0 | D:1      | qqqbard the Halfling Hunter began the quest for the Orb.
     0 | D:1      | Reached XP level 1. HP: 14/14 MP: 1/1
    48 | D:1      | Reached XP level 2. HP: 19/19 MP: 2/2
   145 | D:1      | Reached skill level 1 in Short Blades
   341 | D:1      | Reached skill level 6 in Slings
   492 | D:1      | Reached XP level 3. HP: 24/24 MP: 3/3
  1000 | D:2      | Reached XP level 4. HP: 26/29 MP: 4/4
  1108 | D:2      | Reached skill level 1 in Armour
  1444 | D:2      | Reached XP level 5. HP: 35/35 MP: 5/5
  1521 | D:3      | Reached skill level 7 in Slings
  1625 | D:3      | Noticed Grorgnorb's ghost (amateur VSEn)
  1652 | D:3      | Killed Grorgnorb's ghost
  1652 | D:3      | Reached XP level 6. HP: 17/41 MP: 6/6
  2356 | D:4      | Found a bloodstained altar of Trog.
  2356 | D:4      | Found a deep blue altar of Sif Muna.
  2391 | D:4      | Noticed Blork the orc
  2407 | D:4      | HP: 2/41 [Blork the orc/scimitar (10)]
  2413 | D:4      | Killed Blork the orc
  2413 | D:4      | Reached XP level 7. HP: 14/45 MP: 7/7
  2773 | D:4      | Found a hide-covered altar of Uskayaw.
  2934 | D:4      | Noticed Sigmund
  2958 | D:4      | Killed Sigmund
  2958 | D:4      | Reached skill level 8 in Slings
  3295 | D:5      | Entered Level 5 of the Dungeon
  3424 | D:5      | Reached XP level 8. HP: 20/52 MP: 8/8
  3900 | D:5      | Found a staircase to the Ecumenical Temple.
  3940 | Temple   | Entered the Ecumenical Temple
  4169 | D:5      | Noticed MemeProof's ghost (novice MiFi)
  4202 | D:5      | HP: 3/78 [MemeProof's ghost (7)]
  4204 | D:5      | HP: 1/78 [MemeProof's ghost (2)]
  4207 | D:5      | Slain by MemeProof's ghost

Vault maps used:
D:1:      mushboom_english_gardens
D:2:      hangedman_feature_mirror
D:4:      lemuel_crystal_altar, gammafunk_temple_overflow_elements,
          uniq_blork_the_orc, uniq_sigmund
D:5:      grunt_temple_overflow_lords_of_destruction,
          minmay_temple_entry_overgrown, first_bread, grunt_decor_arrowhead
Temple:   minmay_temple_bridge_abc

Skill      XL: |  1  2  3  4  5  6  7  8 |
---------------+-------------------------+-----
Fighting       | 2 3 |  3.2
Short Blades   | 1 2 3 4 |  4.0
Slings         | 6 7 8 |  8.8
Armour         | 1 2 3 |  3.1
Stealth        | 2 3 |  3.6
Dodging        | 3 |  3.6

Action                   |  1- 3 |  4- 6 |  7- 9 || total
-------------------------+-------+-------+-------++-------
Melee: Rapier            |       |       |    15 ||    15
 Fire: Hunting sling     |    71 |   176 |   145 ||   392
  Use: Scroll            |       |     4 |       ||     4
       Potion            |       |     2 |     1 ||     3
  Eat: Chunk             |       |     4 |     5 ||     9
Armor: Leather armour    |     1 |    16 |    11 ||    28
Dodge: Dodged            |    10 |    46 |    64 ||   120

Table legend:
 A = Spawn XP
 B = Non-spawn XP
 C = Spawn XP percentage of total XP
 D = Spawn monster count
 E = Non-spawn monster count
 F = Spawn count percentage of total count
 G = Total turns spent on level
                    A         B        C        D         E        F      G
               +---------+---------+-------+---------+---------+-------+---------
         Total |       0 |    1094 |   0.0 |       0 |      96 |   0.0 |  4207
               +---------+---------+-------+---------+---------+-------+---------
           D:1 |       0 |      42 |   0.0 |       0 |      25 |   0.0 |   910
           D:2 |       0 |      99 |   0.0 |       0 |      22 |   0.0 |   596
           D:3 |       0 |     245 |   0.0 |       0 |      23 |   0.0 |   783
           D:4 |       0 |     445 |   0.0 |       0 |       8 |   0.0 |  1006
           D:5 |       0 |     263 |   0.0 |       0 |      18 |   0.0 |   714
               +---------+---------+-------+---------+---------+-------+---------
